 Dungeon Crawl Stone Soup version 0.17-a0-1923-gc35365e (webtiles) character file.

1888 Kuldar the Thaumaturge (level 8, -3/41 HPs)
             Began as a Deep Elf Wizard on Sept 28, 2015.
             Slain by Gargoyl's ghost (7 damage)
             ... on level 6 of the Dungeon.
             The game lasted 00:36:28 (5640 turns).

Kuldar the Thaumaturge (Deep Elf Wizard)            Turns: 5640, Time: 00:36:28

Health: -3/41      AC:  3    Str:  4    XL:     8   Next: 92%
Magic:  15/25      EV: 12    Int: 26    God:
Gold:   251        SH:  0    Dex: 13    Spells: 6 memorised, 16 levels left

rFire  . . .     SeeInvis .     v - +2 falchion (holy)
rCold  . . .     Clarity  .     a - +0 robe
rNeg   . . .     SustAt   .     (no shield)
rPois  .         Gourm    .     b - +0 hat
rElec  .         Spirit   .     (no cloak)
rCorr  .         Warding  .     m - +0 pair of gloves
rMut   .         Stasis   .     (no boots)
MR     .....                    (no amulet)
Stlth  ++........               (no ring)
                                (no ring)

@: marked, not resistant to hostile enchantments, unstealthy
A: no striking features
a: no special abilities


You were on level 6 of the Dungeon.
You were hungry.

You visited 2 branches of the dungeon, and saw 8 of its levels.

You collected 251 gold pieces.

Inventory:

Hand weapons
 v - a +2 falchion of holy wrath (weapon)
 A - a +3 flail of protection
 C - a +4 short sword of speed
 G - a +3 mace of draining
Missiles
 z - 2 curare-tipped needles
 J - 4 silver javelins (quivered)
Armour
 a - a +0 robe (worn)
 b - a +0 hat (worn)
 m - a +0 pair of gloves (worn)
 E - a +0 shield of reflection
Magical staves
 y - an uncursed staff of death
Jewellery
 h - an uncursed ring of invisibility {unknown}
 q - an uncursed ring of see invisible {unknown}
Magical devices
 w - a wand of frost (15)
 B - a wand of teleportation (2)
Scrolls
 e - 11 scrolls of identify {unknown}
 g - 2 scrolls of random uselessness {unknown}
 i - 2 scrolls of fog {unknown}
 j - 2 scrolls of remove curse {unknown}
 k - 3 scrolls of teleportation {unknown}
 n - a scroll of blinking {unknown}
 o - a scroll of immolation {unknown}
 p - 2 scrolls of magic mapping {unknown}
 s - 2 scrolls of amnesia {unknown}
 F - a scroll of noise {unknown}
 H - a scroll of recharging {unknown}
Potions
 l - 3 potions of curing {unknown}
 t - a potion of ambrosia {unknown}
 u - a potion of mutation {unknown}
 x - a potion of degeneration {unknown}
 D - a potion of agility {unknown}
 K - a potion of brilliance {unknown}
Books
 c - a book of Minor Magic

   Spells                             Type                      Level
   a - Magic Dart                     Conjuration                  1
   b - Blink                          Translocation                2
   c - Call Imp                       Summoning                    2
   d - Repel Missiles                 Charms/Air                   2
   e - Slow                           Hexes                        2
   f - Conjure Flame                  Conjuration/Fire             3
   g - Mephitic Cloud                 Conjuration/Poison/Air       3
Comestibles
 d - 3 bread rations
 f - 2 fruits
 r - a meat ration
 I - a royal jelly
 L - a chunk of flesh


   Skills:
 - Level 2.4 Dodging
 - Level 2.4 Stealth
 * Level 11.4 Spellcasting
 * Level 9.0 Conjurations
 - Level 1.1 Summonings
 - Level 1.1 Translocations


You had 16 spell levels left.
You knew the following spells:

 Your Spells              Type           Power        Failure   Level  Hunger
a - Magic Dart            Conj           ####         1%          1    None
b - Blink                 Tloc           N/A          4%          2    None
c - Call Imp              Summ           ###.....     4%          2    None
d - Repel Missiles        Chrm/Air       ##....       10%         2    None
e - Conjure Flame         Conj/Fire      #####...     1%          3    None
g - Mephitic Cloud        Conj/Pois/Air  ####....     4%          3    None


Dungeon Overview and Level Annotations

Branches:
Dungeon (7/15)             Temple (1/1) D:6

Altars:
Cheibriados
Dithmenos
Fedhas
Gozag
Makhleb
Nemelex Xobeh
Trog
Xom
Yredelemnul
The Shining One

Annotations:
D:5 Menkaure
D:6 Gargoyl's ghost, experienced DsAK


Message History

Casting: Conjure Flame
Confirm with . or Enter, or press ? or * to list all spells.
You blink.
Casting: Blink
Confirm with . or Enter, or press ? or * to list all spells.
Okay, then.
Drink which item? (? for menu, Esc to quit)
Okay, then.
There is an escape hatch in the floor here.
Casting: Blink
Confirm with . or Enter, or press ? or * to list all spells.
Okay, then.
Casting: Blink
Confirm with . or Enter, or press ? or * to list all spells.
You blink.
Gargoyl's ghost hits you.
* * * LOW HITPOINT WARNING * * *
An adder comes into view.
The giant frog hits you but does no damage.
Gargoyl's ghost hits you!
You die...

#######...# ........#.#
############ ........#.#
#..........# ..........#
#..........# .......#..#
#..(.......# ##..##.#..#
#..........####
##.....#..#####..(..........#
.......#..#...#.............#
......##..#(..#.@....YS.....#
......##..#...#FW...........####
......##>...ยง...................
#########.############.#..[.####
#########.## #.#....#####
#........).# #.###+#....#
#..........# #..## #....#
#..........# ##..# #....#
#).........# ###[###.....


You could see an ice beast, a giant frog, Gargoyl's ghost and an adder.

Vanquished Creatures
  Sigmund (D:4)
  Eustachio (D:6)
  Edmund (D:4)
  Duvessa (D:4)
  A sky beast (D:6)
  4 ogres
  A big kobold (D:5)
  A gnoll sergeant (D:4)
  A giant frog (D:6)
  Dowan (D:4)
  A scorpion (D:6)
  2 jellies (D:5)
  A giant frog zombie (D:5)
  3 giant frog skeletons (D:6)
  3 hounds (D:5)
  An orc priest (D:4)
  2 centaur skeletons
  4 worker ants
  7 adders
  3 gnolls (D:4)
  2 worms (D:2)
  3 giant geckos
  13 orcs
  8 bats
  7 giant cockroaches
  9 hobgoblins
  2 quokkas (D:6)
  2 ball pythons
  A giant gecko skeleton (D:5)
  3 giant newts
  14 goblins
  5 jackals
  A jackal skeleton (D:4)
  8 kobolds
  A quokka skeleton (D:4)
  4 rats
123 creatures vanquished.

Notes
Turn   | Place    | Note
--------------------------------------------------------------
     0 | D:1      | Kuldar the Deep Elf Wizard began the quest for the Orb.
     0 | D:1      | Reached XP level 1. HP: 10/10 MP: 7/7
   263 | D:1      | Reached XP level 2. HP: 13/15 MP: 0/9
   497 | D:1      | Learned a level 2 spell: Blink
   500 | D:1      | Learned a level 2 spell: Call Imp
   503 | D:1      | Learned a level 2 spell: Repel Missiles
   551 | D:2      | Reached skill level 5 in Spellcasting
   669 | D:2      | Reached XP level 3. HP: 19/19 MP: 6/11
   674 | D:2      | Learned a level 3 spell: Conjure Flame
   738 | D:2      | Found a basalt altar of Yredelemnul.
  1108 | D:2      | Reached XP level 4. HP: 16/24 MP: 2/13
  1372 | D:2      | Reached skill level 6 in Spellcasting
  2153 | D:4      | Noticed an ogre
  2162 | D:4      | Killed an ogre
  2162 | D:4      | Reached XP level 5. HP: 28/28 MP: 2/16
  2167 | D:4      | Learned a level 3 spell: Mephitic Cloud
  2212 | D:4      | Noticed Edmund
  2382 | D:4      | Noticed Dowan
  2535 | D:4      | Reached skill level 7 in Spellcasting
  2584 | D:4      | Reached XP level 6. HP: 26/32 MP: 5/18
  2663 | D:4      | Noticed Sigmund
  2780 | D:4      | Reached skill level 5 in Conjurations
  3096 | D:4      | Killed Sigmund
  3096 | D:4      | Reached skill level 8 in Spellcasting
  3096 | D:4      | Reached XP level 7. HP: 36/36 MP: 5/20
  3115 | D:4      | Noticed an ogre
  3163 | D:4      | Noticed Duvessa
  3177 | D:4      | Killed Duvessa
  3187 | D:5      | Entered Level 5 of the Dungeon
  3347 | D:5      | Reached skill level 9 in Spellcasting
  3455 | D:5      | Noticed Menkaure
  3748 | D:4      | Killed an ogre
  3748 | D:4      | Reached XP level 8. HP: 33/41 MP: 10/23
  3759 | D:4      | Killed Dowan
  3938 | D:4      | Killed Edmund
  3938 | D:4      | Reached skill level 10 in Spellcasting
  4039 | D:4      | Found a shadowy altar of Dithmenos.
  4323 | D:5      | Found a glowing golden altar of the Shining One.
  4666 | D:6      | Found a staircase to the Ecumenical Temple.
  4674 | Temple   | Entered the Ecumenical Temple
  4812 | D:6      | Noticed Eustachio
  4994 | D:6      | Reached skill level 11 in Spellcasting
  5018 | D:6      | Noticed Gargoyl's ghost (experienced DsAK)
  5108 | D:6      | Killed Eustachio
  5640 | D:6      | Slain by Gargoyl's ghost

Vault maps used:
D:1:      nicolae_arrival_somewhat_less_tricky_arrival
D:2:      yredelemnul_altar_generic, grunt_ministairs_11
D:4:      grunt_dithmenos_smoke, lightli_minifort, uniq_sigmund, uniq_edmund,
          uniq_duvessa
D:5:      good_gods_mini_temple, lemuel_doored_altar, first_bread,
          kennysheep_boxes, uniq_menkaure
D:6:      kennysheep_mini, minmay_temple_entry_glassed_door, uniq_eustachio
D:7:      lemuel_blue_sif_altar, serial_shops, shop
Temple:   nicolae_temple_great_sept

Action                   |  1- 3 |  4- 6 |  7- 9 || total
-------------------------+-------+-------+-------++-------
Melee: Unarmed           |    20 |       |       ||    20
       Falchion          |       |    26 |    32 ||    58
       Flail             |       |       |     9 ||     9
Throw: Javelin           |       |       |     7 ||     7
 Cast: Magic Dart        |   100 |    79 |    99 ||   278
       Conjure Flame     |     2 |    12 |    33 ||    47
       Blink             |       |     4 |    16 ||    20
       Mephitic Cloud    |       |     7 |    14 ||    21
       Call Imp          |       |       |    12 ||    12
 Stab: Confused          |       |     1 |     1 ||     2
  Eat: Chunk             |     1 |     6 |     6 ||    13
       Fruit             |       |       |     1 ||     1
